AoeStats
← frenzy

Black Forest

509149032Analyzed
4v4 RM · 8d ago on Sep 25, 2026· 57m 22s· 8 players
Game mode
Random Map
Map size
Large (8 player)
Population
200
Speed
Normal
Resources
Standard
Victory
Conquest
Starting age
Dark Age
Ending age
Imperial Age
RankedLock teamsTeams togetherTeam positionsShared explorationLock speedFull tech treeHidden civsTurbo modeCheats
Victory
Defeat
🇮🇳 Cumans · India
801
+13
🇨🇦 Khmer · Canada
721
+16
🇮🇳 Persians · India
679
+18
🇨🇳 Britons · China
672
+18
🇹🇷 Celts · Türkiye
850
-22
🇹🇷 Vikings · Türkiye
803
-19
🇹🇷 Japanese · Türkiye
667
-14
🇹🇷 Turks · Türkiye
569
-10
AI
10:49 Feudal Age
16:01 Castle Age
14:34 Double-Bit Axe
17:52 Horse Collar
30:52 Imperial Age
31:24 Wheelbarrow
31:47 Caravan
32:42 Padded Archer Armor
32:33 Fletching
33:07 Conscription
33:10 Hand Cart
33:16 Fishing Lines
33:53 Heavy Plow
34:15 Leather Archer Armor
33:55 Bodkin Arrow
34:13 Bow Saw
37:24 Elite Longbowman
38:43 Gillnets
38:21 Capped Ram
40:01 Squires
39:47 Gambesons
39:23 Pikeman
40:30 Ballistics
41:10 Chemistry
40:51 Ring Archer Armor
40:22 Bracer
40:32 Forging
40:23 Scale Mail Armor
40:30 Scale Barding Armor
42:22 Yeomen
42:12 Warwolf
43:56 Iron Casting
44:26 Halberdier
44:54 Arson
51:13 Loom
51:15 Town Watch
52:34 Two-Man Saw
52:46 Blast Furnace
52:02 Chain Mail Armor
52:07 Chain Barding Armor
52:37 Gold Mining
52:37 Stone Mining
53:17 Onager
RiSHisOm
1:45 Loom
11:18 Feudal Age
13:14 Wheelbarrow
12:36 Double-Bit Axe
16:16 Horse Collar
16:55 Fishing Lines
17:05 Fishing Lines
22:00 Castle Age
20:12 Gold Mining
20:41 Stone Mining
22:57 Bow Saw
22:58 Heavy Plow
24:22 Gillnets
26:49 Hand Cart
29:10 Gold Shaft Mining
35:17 Imperial Age
35:23 Imperial Age
34:13 Caravan
34:43 Capped Ram
35:51 Elite Steppe Lancer
37:05 Scale Barding Armor
37:02 Padded Archer Armor
37:39 Crop Rotation
38:18 Two-Man Saw
38:27 Chain Barding Armor
37:56 Siege Ram
48:03 Plate Barding Armor
52:17 Pikeman
52:43 Arson
53:00 Squires
53:03 Scale Mail Armor
53:13 Forging
53:24 Halberdier
54:05 Squires
53:50 Arson
Sukshi macchli
0:41 Loom
14:40 Feudal Age
15:50 Wheelbarrow
15:02 Double-Bit Axe
15:25 Gold Mining
16:09 Town Watch
19:15 Stone Mining
19:46 Horse Collar
25:02 Castle Age
28:26 Hand Cart
30:32 Bow Saw
30:29 Heavy Plow
37:36 Imperial Age
37:19 Gold Shaft Mining
37:22 Stone Shaft Mining
39:12 Crop Rotation
39:43 Two-Man Saw
38:47 Caravan
39:17 Coinage
38:57 Guilds
41:19 Banking
41:01 Forging
40:56 Scale Barding Armor
42:55 Iron Casting
42:40 Chain Barding Armor
42:52 Conscription
41:54 Elite War Elephant
43:25 Masonry
43:12 Murder Holes
45:04 Blast Furnace
44:39 Plate Barding Armor
45:21 Bloodlines
45:11 Husbandry
48:23 Architecture
48:55 Chemistry
51:35 Cavalier
52:39 Savar
The_Lumberjack
0:56 Loom
19:47 Feudal Age
23:19 Castle Age
22:46 Wheelbarrow
22:12 Horse Collar
24:10 Double-Bit Axe
25:16 Bow Saw
25:17 Heavy Plow
27:19 Stone Mining
27:22 Gold Mining
30:07 Hand Cart
32:18 Caravan
34:30 Gold Shaft Mining
35:35 Tusk Swords
35:46 Town Watch
38:36 Imperial Age
39:24 Stone Shaft Mining
39:36 Town Patrol
40:10 Crop Rotation
39:51 Scale Barding Armor
39:57 Forging
39:38 Fletching
40:16 Conscription
39:57 Double Crossbow
39:33 Light Cavalry
40:24 Bloodlines
40:15 Husbandry
40:24 Hussar
43:23 Chain Barding Armor
43:39 Iron Casting
43:00 Bodkin Arrow
43:07 Scale Mail Armor
44:35 Heavy Scorpion
44:36 Capped Ram
46:25 Chemistry
45:45 Ballistics
45:36 Fortified Wall
45:33 Siege Engineers
47:04 Siege Ram
47:41 Pikeman
47:56 Elite Battle Elephant
49:16 Bracer
49:53 Plate Barding Armor
50:18 Blast Furnace
49:34 Chain Mail Armor
48:44 Halberdier
mandiranoy
0:29 Loom
13:42 Feudal Age
15:01 Double-Bit Axe
23:56 Castle Age
29:17 Ballistics
34:07 Imperial Age
37:03 Bombard Tower
40:00 Elite Janissary
43:32 Cavalier
49:11 Husbandry
50:03 Scale Barding Armor
50:10 Forging
52:43 Chain Barding Armor
53:00 Iron Casting
|NsuperAble *
8:09 Loom
13:00 Feudal Age
13:26 Town Watch
13:23 Horse Collar
13:31 Double-Bit Axe
17:31 Wheelbarrow
17:32 Stone Mining
22:06 Castle Age
23:18 Heavy Plow
23:32 Gold Mining
26:44 Bow Saw
28:04 Town Patrol
30:31 Hand Cart
32:30 Stone Shaft Mining
32:36 Gold Shaft Mining
32:22 Forging
32:12 Scale Mail Armor
32:23 Caravan
32:53 Coinage
32:21 Fletching
32:32 Padded Archer Armor
31:54 Elite Skirmisher
31:58 Pikeman
36:21 Imperial Age
35:22 Iron Casting
35:03 Chain Mail Armor
34:43 Bodkin Arrow
34:37 Arson
35:04 Stronghold
35:37 Leather Archer Armor
36:30 Halberdier
38:13 Blast Furnace
37:44 Plate Mail Armor
37:38 Conscription
37:47 Ballistics
38:57 Banking
38:06 Capped Ram
38:49 Onager
40:11 Plate Mail Armor
41:00 Chemistry
41:20 Heated Shot
41:46 Masonry
41:43 Siege Engineers
41:14 Elite Woad Raider
frenzy
1:05 Loom
12:12 Feudal Age
12:49 Double-Bit Axe
20:04 Castle Age
20:23 Horse Collar
20:35 Gold Mining
20:36 Stone Mining
21:06 Heavy Plow
23:32 Gold Shaft Mining
25:18 Bow Saw
26:44 Caravan
30:29 Fortified Wall
31:01 Coinage
32:11 Forging
32:02 Scale Mail Armor
36:23 Imperial Age
36:03 Scale Barding Armor
36:13 Chain Mail Armor
36:34 Iron Casting
37:09 Chain Barding Armor
39:12 Plate Mail Armor
38:10 Pikeman
38:58 Squires
38:50 Cavalier
42:53 Banking
42:30 Elite Varangian Guard
43:30 Elite Berserk
46:31 Blast Furnace
SmokedMyself
0:26 Loom
11:48 Feudal Age
13:53 Double-Bit Axe
14:06 Gold Mining
18:11 Wheelbarrow
20:44 Castle Age
19:40 Stone Mining
20:55 Wheelbarrow
22:33 Caravan
25:00 Gold Shaft Mining
26:44 Horse Collar
29:28 Bow Saw
30:44 Hand Cart
32:06 Forging
31:56 Scale Mail Armor
37:45 Imperial Age
38:45 Iron Casting
38:25 Chain Mail Armor
37:56 Heavy Scorpion
40:25 Blast Furnace
40:20 Elite Samurai
42:59 Plate Mail Armor
42:40 Heavy Plow
43:53 Two-Man Saw
44:40 Ballistics
45:23 Chemistry
Connection lost

Rejoining the realm…

Still unreachable

The connection could not be restored.

Session expired

The server has moved on; the page needs a fresh start.